 Dungeon Crawl Stone Soup version 0.28.0-43-g3370ac3207 (webtiles) character file.

Game seed: 12094827903218644655

261 pkoi the Stinger (level 6, -4/36 HPs)
             Began as an Octopode Venom Mage on Mar 18, 2022.
             Killed from afar by a white imp (13 damage)
             ... with a puff of frost
             ... summoned by Natasha
             ... on level 3 of the Dungeon.
             The game lasted 00:05:12 (4607 turns).

pkoi the Stinger (Octopode Venom Mage)              Turns: 4607, Time: 00:05:14

Health: -4/36      AC:  0    Str:  8    XL:     6   Next: 18%
Magic:  8/11       EV: 14    Int: 19    God:
Gold:   105        SH:  0    Dex: 12    Spells: 5/12 levels left

rFire   . . .      SeeInvis .   (weapon currently unavailable)
rCold   . . .      Faith    .   (shield currently unavailable)
rNeg    . . .      Spirit   .   (helmet currently unavailable)
rPois   .          Reflect  .   (no amulet)
rElec   .          Harm     .   (ring currently unavailable)
rCorr   .          Rampage  .   (ring currently unavailable)
Will    .....                   (ring currently unavailable)
Stlth   ++........              (ring currently unavailable)
HPRegen 0.12/turn               (ring currently unavailable)
MPRegen 0.12/turn               (ring currently unavailable)
                                (ring currently unavailable)
                                (ring currently unavailable)

@: pig-form, very quick
A: fast, no casting, almost no armour, (amphibious), (8 rings), small,
(camouflage 1), (gelatinous body 1), (nimble swimmer 1), (tentacles)
a: no special abilities


You were on level 3 of the Dungeon.
You were a filthy swine.
You visited 1 branch of the dungeon, and saw 3 of its levels.

You collected 105 gold pieces.

Inventory:

Hand Weapons
 a - a +0 dagger (melded)
Potions
 b - 3 potions of lignification
 c - a potion of brilliance
 g - a potion of magic
 h - a potion of might {unknown}
 i - a potion of haste {unknown}


   Skills:
 - Level 2.0 Dodging
 - Level 2.6 Stealth
 + Level 3.7 Spellcasting
 - Level 1.0 Transmutations
 - Level 1.6 Air Magic
 + Level 6.4 Poison Magic


You had 5 spell levels left.
You knew the following spells:

 Your Spells              Type           Power      Damage    Failure   Level
a - Sting                 Tmut/Pois      68%        1d6       3%          1
b - Poisonous Vapours     Pois/Air       36%        N/A       4%          2
c - Olgreb's Toxic Radia  Pois           27%        N/A       10%         4

Your spell library contained the following spells:

 Spells                   Type           Power      Damage    Failure   Level
 Mephitic Cloud           Conj/Pois/Air  13%        N/A       14%         3
 Corpse Rot               Necr/Air       12%        N/A       16%         2


Dungeon Overview and Level Annotations

Branches:
Dungeon (3/15)

Altars:

Shops:
D:2 *

Annotations:
D:2 1 runed translucent door, Crazy Yiuf
D:3 Natasha


Innate Abilities, Weirdness & Mutations

You are a filthy swine.
You move quickly.
Your equipment is almost entirely melded.
You are incapable of wielding weapons or throwing items.
You cannot cast spells.
You cannot wear most types of armour.
((You are amphibious.))
((You can wear up to eight rings at the same time.))
((Your skin changes colour to match your surroundings (Stealth+).))
((Your rubbery body absorbs attacks. (AC +1, EV +1)))
((You are camouflaged when in or above water. (Stealth+)))
((You have tentacles for arms and can constrict up to eight enemies at once.))


Message History

The sting hits Natasha but does no damage.
Natasha is poisoned.
The quokka bites you.
Natasha mumbles some strange words.
The quokka bites you. The white imp hits you. The white imp freezes you.
* * * LOW HITPOINT WARNING * * *
Aiming: Sting (safe; 3% risk of failure)
Press: ? - help, Q - select action, (/) - cycle Shift-Dir - straight line, f/p - Natasha
Aim: Natasha, carrying a wand of polymorph (7) (lightly wounded, poisoned, 67% to hit)
The sting misses Natasha.
Your orc barely misses the quokka.
Natasha zaps a wand.
You turn into a filthy swine.
Your +0 dagger melds into your body.
The quokka bites you.
* * * LOW HITPOINT WARNING * * *
The white imp closely misses you.
You can't do that in your present form.
You closely miss Natasha.
Natasha is moderately wounded.
Your orc barely misses the quokka.
Natasha misses you. The quokka barely misses you.
You hit Natasha.
Natasha is severely wounded.
Your orc dissolves into shadows!
The quokka looks more healthy.
The white imp hits you.
* * * LOW HITPOINT WARNING * * *
The white imp freezes you.
* * * LOW HITPOINT WARNING * * *
The white imp gestures at you. The puff of frost misses you.
The puff of frost hits the white imp.
The white imp resists.
The quokka misses you. Natasha claws you.
* * * LOW HITPOINT WARNING * * *
The white imp shouts, "Scamper hence, thou weedy fob-snatching blabberskite!"
The white imp closely misses you. The white imp hits you.
* * * LOW HITPOINT WARNING * * *
The white imp freezes you.
* * * LOW HITPOINT WARNING * * *
The white imp gestures at you. The puff of frost hits you!
You die...

#...,,,,,,........>
#...,,,,,,.#######.
#..#*****..*#####..
#.?# *..........
#..######.#######..
#.........# ##.
#h5r#***#.# #.
#..5#####.# ######.
#.h.......###...,..
##..####.#.##.#**##
#............#####
##<.###........K..
##.# #...#..#####
*.# ##.##..# *.#
#.##K.# *.# #..K..#
*,* ####..#


You could see Natasha (poisoned), 2 white imps and a quokka.

Vanquished Creatures
  A hound (D:3)
  An orc priest (D:3)
  Terence (D:2)
  Natasha (twice) (D:3)
  An orc wizard (D:3)
  3 adders (D:3)
  A worm (D:2)
  A dart slug (D:2)
  2 orcs (D:3)
  7 endoplasms
  3 giant cockroaches
  3 goblins
  7 hobgoblins
  7 jackals
  5 kobolds
  A quokka (D:2)
  7 ball pythons
  8 bats
  A frilled lizard (D:3)
  6 rats
68 creatures vanquished.

Notes
Turn   | Place    | Note
-------+----------+-------------------------------------------
     0 | D:1      | pkoi the Octopode Venom Mage began the quest for the Orb.
     0 | D:1      | Reached XP level 1. HP: 11/11 MP: 3/3
   306 | D:1      | Reached skill level 4 in Poison Magic
   340 | D:1      | Reached XP level 2. HP: 17/17 MP: 1/5
   791 | D:1      | Found a faded altar of an unknown god.
   967 | D:2      | Learned a level 2 spell: Poisonous Vapours
  1297 | D:2      | Reached XP level 3. HP: 19/21 MP: 1/6
  1726 | D:2      | Found Vyapij's General Store.
  1927 | D:2      | Found a runed translucent door.
  1928 | D:2      | Noticed Crazy Yiuf
  2110 | D:2      | Noticed Terence
  2114 | D:2      | Killed Terence
  2115 | D:2      | Reached skill level 1 in Air Magic
  2115 | D:2      | Reached skill level 5 in Poison Magic
  2115 | D:2      | Reached XP level 4. HP: 27/27 MP: 5/7
  2665 | D:2      | Learned a level 4 spell: Olgreb's Toxic Radiance
  3587 | D:3      | Reached XP level 5. HP: 19/31 MP: 5/9
  3833 | D:3      | Noticed Natasha
  3837 | D:3      | Killed Natasha
  4070 | D:3      | Noticed Natasha
  4075 | D:3      | Killed Natasha
  4076 | D:3      | Reached skill level 6 in Poison Magic
  4168 | D:3      | Reached XP level 6. HP: 7/36 MP: 5/11
  4590 | D:3      | Noticed Natasha
  4607 | D:3      | Killed from afar by a white imp

Illustrated notes

Levels and vault maps discovered:
D:1:      erik_arrival_blinker_ship, layout_rooms,
          hellmonk_ecumenical_altar_heavens_door,
          corexii_item_surrounded_by_moat
D:2:      layout_basic, serial_shops, nicolae_square_shop,
          uniq_crazy_yiuf_cottage, uniq_terence
D:3:      layout_loops_ring, uniq_natasha

Skill      XL: |  1  2  3  4  5 |
---------------+----------------+-----
Poison Magic   | 4 5 6 |  6.4
Air Magic      | 1 |  1.6
Spellcasting   | 3 |  3.7
Dodging        | |  2.0
Stealth        | |  2.6
Transmutations | |  1.0

Action                   |  1- 3 |  4- 6 || total
-------------------------+-------+-------++-------
Melee: Dagger            |    30 |    45 ||    75
       Tentacles         |     7 |    16 ||    23
       Constrict         |     8 |    11 ||    19
       Unarmed           |       |     2 ||     2
 Cast: Sting             |    31 |    52 ||    83
       Poisonous Vapours |     6 |       ||     6
  Use: Scroll            |     2 |     5 ||     7
 Stab: Sleeping          |       |     2 ||     2
Armor: Skin              |     9 |    10 ||    19
Dodge: Dodged            |    25 |    42 ||    67
